 Dungeon Crawl Stone Soup version 0.28-b1-70-g80dc712255 (webtiles) character file.

Game seed: 11769493040398705591

53 adizb the Skirmisher (level 3, -1/31 HPs)
             Began as a Demigod Fighter on Feb 3, 2022.
             Slain by an adder (3 damage)
             ... on level 2 of the Dungeon.
             The game lasted 00:05:30 (1086 turns).

adizb the Skirmisher (Demigod Fighter)              Turns: 1086, Time: 00:05:31

Health: -1/31      AC:  4    Str: 17    XL:     3   Next: 41%
Magic:  5/5        EV: 10    Int: 14    God:
Gold:   23         SH:  4    Dex: 13    Spells: 2/2 levels left

rFire   . . .      SeeInvis .   a - +0 rapier
rCold   . . .      Faith    .   c - +0 buckler
rNeg    . . .      Spirit   .   h - +0 leather armour
rPois   .          Reflect  .   g - +0 helmet
rElec   .          Harm     .   (no cloak)
rCorr   .          Rampage  .   (no gloves)
Will    .....                   (no boots)
Stlth   +.........              (no amulet)
HPRegen 0.10/turn               (no ring)
MPRegen 0.09/turn               (no ring)

@: mighty
A: high MP 1, forlorn, divine attributes
a: no special abilities


You were on level 2 of the Dungeon.
You visited 1 branch of the dungeon, and saw 2 of its levels.

You collected 23 gold pieces.

Inventory:

Hand Weapons
 a - a +0 rapier (weapon)
Missiles
 i - a poisoned dart (quivered)
Armour
 b - a +0 scale mail
 c - a +0 buckler (worn)
 g - a +0 helmet (worn)
 h - a +0 leather armour (worn)
Scrolls
 e - a scroll of enchant weapon {unknown}
 j - a scroll of fear {unknown}
 k - a scroll of teleportation {unknown}
Potions
 f - 2 potions of curing {unknown}


   Skills:
 * Level 3.1 Fighting
 * Level 2.3 Short Blades
 + Level 0.3 Throwing
 + Level 2.9 Armour
 + Level 0.6 Dodging
 + Level 2.9 Shields
 + Level 0.3 Spellcasting
 + Level 0.3 Conjurations


You had 2 spell levels left.
You didn't know any spells.
Your spell library contained the following spells:

 Spells                   Type           Power      Damage    Failure   Level
 Magic Dart               Conj           4%         1d3       36%         1
 Searing Ray              Conj           2%         2d4       50%         2
 Fulminant Prism          Conj/Hex       0%         3d6       99%         4


Dungeon Overview and Level Annotations

Branches:
Dungeon (2/15)


Innate Abilities, Weirdness & Mutations

You have an increased reservoir of magic. (+10% MP)
You shall have no god before yourself.
Your divine heritage dramatically boosts your attributes as you level up.


Message History

You puncture the worm!
You kill the worm!
You see here a worm corpse.
Natasha, Servant of Life and Death comes into view.
Natasha hisses angrily.
Okay, then.
Okay, then.
Okay, then.
Throw: dart (poison)
Press: ? - help, Q - select action Shift-Dir - straight line, f - Natasha
Aim: Natasha (50% to hit)
You throw a poisoned dart.
The poisoned dart closely misses Natasha.
Natasha casts a spell.
You hit Natasha.
Natasha is lightly wounded.
Natasha casts a spell at you. The magic dart hits you.
* * * LOW HITPOINT WARNING * * *
Natasha claws you.
* * * LOW HITPOINT WARNING * * *
You feel very mighty all of a sudden. Natasha misses you.
You puncture Natasha!
You kill Natasha!
Natasha yowls pathetically as she dies!
The iron imp disappears in a puff of smoke!
You have reached level 3!
Your experience leads to a dramatic increase in your attributes!
Increase (S)trength, (I)ntelligence, or (D)exterity?
You feel clever. x4
An adder comes into view.
You see here a poisoned dart.
i - a poisoned dart You miss the adder.
The adder barely misses you. The adder bites you.
* * * LOW HITPOINT WARNING * * *
You puncture the adder!
The adder is almost dead.
The adder bites you.
You die...

###....###...(....
#..#..###.......
#.###.# ##.....#
#.†#..# ##...##
####...#### ##+##
#.........#
#.###.###.# ####.#
#.# # #...@# #..
#.#.S# #### ..
#... #.. ###.# ..
.. . ..# ###


You could see an adder.

Vanquished Creatures
  Natasha (D:2)
  An adder (D:2)
  A worm (D:2)
  2 endoplasms
  A giant cockroach (D:1)
  2 goblins (D:1)
  A hobgoblin (D:1)
  3 quokkas (D:1)
  A ball python (D:1)
  2 frilled lizards
  2 kobolds
  2 rats (D:1)
19 creatures vanquished.

Notes
Turn   | Place    | Note
-------+----------+-------------------------------------------
     0 | D:1      | adizb the Demigod Fighter began the quest for the Orb.
     0 | D:1      | Reached XP level 1. HP: 18/18 MP: 3/3
   622 | D:1      | Reached XP level 2. HP: 25/25 MP: 4/4
  1066 | D:2      | Reached skill level 3 in Fighting
  1076 | D:2      | Noticed Natasha
  1080 | D:2      | Killed Natasha
  1081 | D:2      | Reached XP level 3. HP: 5/31 MP: 5/5
  1086 | D:2      | Slain by an adder

Illustrated notes

Levels and vault maps discovered:
D:1:      dpeg_arrival_arbitrary_b, layout_basic, grunt_decor_junction,
          minmay_bisected
D:2:      layout_loops_corners, dilly_ecumenical_altar_fadedgnrine,
          hangedman_decor_opposing, hangedman_abyss_or_decor_stabs,
          minmay_pentomino_r2, uniq_natasha

Skill      XL: |  1  2 |
---------------+-------+-----
Short Blades   | 2 |  2.3
Fighting       | 3 |  3.1
Throwing       | |  0.3
Armour         | |  2.9
Dodging        | |  0.6
Shields        | |  2.9
Spellcasting   | |  0.3
Conjurations   | |  0.3

Action                   || total
-------------------------++-------
Melee: Rapier            ||    59
Throw: Dart              ||    10
  Use: Potion            ||     1
 Stab: Sleeping          ||     1
Armor: Scale mail        ||     8
       Leather armour    ||     8
Dodge: Dodged            ||    20
Block: Buckler           ||     6
